 Dungeon Crawl Stone Soup version 0.22-a0-407-gb098539 (webtiles) character file.

27 dstrtnsr the Chopper (level 3, -3/33 HPs)
             Began as a Hill Orc Berserker on May 9, 2018.
             Was a Follower of Trog.
             Slain by a goblin
             ... wielding a +0 club
             ... led by Robin
              (6 damage)
             ... on level 2 of the Dungeon.
             The game lasted 00:00:31 (467 turns).

dstrtnsr the Chopper (Hill Orc Berserker)            Turns: 467, Time: 00:00:32

Health: -3/33      AC:  2    Str: 20    XL:     3   Next: 10%
Magic:  3/3        EV: 12    Int:  7    God:    Trog [*.....]
Gold:   26         SH:  0    Dex: 10    Spells: 2/2 levels left

rFire    . . .     SeeInvis .   a - +0 hand axe
rCold    . . .     Gourm    .   (no shield)
rNeg     . . .     Faith    .   b - +0 animal skin
rPois    .         Spirit   .   (no helmet)
rElec    .         Reflect  .   (no cloak)
rCorr    .         Harm     .   (no gloves)
MR       .....                  (no boots)
Stlth    +.........             (no amulet)
HPRegen  0.11/turn              (no ring)
MPRegen  0.08/turn              (no ring)

@: berserk cooldown, slowed, very slow
A: no striking features
a: Berserk, Renounce Religion


You were on level 2 of the Dungeon.
You worshipped Trog.
Trog was aware of your devotion.
You were not hungry.

You visited 1 branch of the dungeon, and saw 2 of its levels.

You collected 26 gold pieces.

Inventory:

Hand Weapons
 a - a +0 hand axe (weapon)
Armour
 b - a +0 animal skin (worn)
Scrolls
 d - a scroll of noise {unknown}
 g - a scroll of identify {unknown}
Potions
 c - a potion of heal wounds {unknown}
Comestibles
 e - a ration {!d}
 f - 4 chunks of flesh


   Skills:
 + Level 4.1 Fighting
 * Level 5.1 Axes
 - Level 2.1 Armour
 - Level 1.5 Dodging


You had 2 spell levels left.
You didn't know any spells.

Dungeon Overview and Level Annotations

Branches:
Dungeon (2/15)

Altars:

Annotations:
D:2 Robin


Message History

The goblin misses you.
You hit the goblin.
You kill the goblin!
Trog accepts your kill.
Your Fighting skill increases to level 4!
No target in view!
No target in view!
No target in view!
No target in view!
There is a stone staircase leading down here.
You climb downwards. 3 jackals, a worm and a goblin come into view.
The jackal barks! x3; You hear an angry hiss.
Found a stone staircase leading down.
There is a stone staircase leading up here.
Unknown command.
A red film seems to cover your vision as you go berserk!
You feel yourself moving faster!
You feel mighty!
You feel a lot more hungry. The jackal bites you.
The goblin wields a hunting sling.
The goblin shoots a stone.
The stone hits you.
A goblin comes into view. It is wielding a club.
You slash the jackal!
You kill the jackal!
Trog accepts your kill.
You slash the jackal!
You kill the jackal!
Trog accepts your kill.
You slash the worm!
The worm is heavily wounded.
You slash the worm!
You kill the worm!
Trog accepts your kill.
Your Axes skill increases to level 5!
You closely miss the jackal. The jackal closely misses you.
You closely miss the jackal. You closely miss the jackal.
The jackal barely misses you.
You closely miss the jackal. The jackal closely misses you.
You closely miss the jackal.
The jackal bites you but does no damage.
You hit the jackal.
The jackal is severely wounded.
The jackal barely misses you.
The goblin shoots a stone.
The stone hits you.
You miss the jackal.
The jackal is severely wounded.
The jackal barely misses you.
The goblin shoots a stone.
The stone closely misses you.
The stone hits the jackal.
The jackal dies!
You slash the goblin!
You kill the goblin!
Trog accepts your kill.
You have reached level 3!
Your experience leads to an increase in your attributes!
Your base attributes are Str 19, Int 7, Dex 10.
Increase (S)trength, (I)ntelligence, or (D)exterity?
You feel stronger.
Unknown command.
The goblin shoots a stone.
The stone hits you!
You feel a strong urge to attack something.
A goblin comes into view. It is wielding a club.
The goblin shouts!
You hear a shout! x2
Found 5 gold pieces.
A goblin and a hobgoblin come into view.
The hobgoblin shouts!
You slash the goblin!
You kill the goblin!
Trog accepts your kill.
You are no longer berserk.
You are exhausted.
You feel yourself slow down.
You hear a shout! x2
The goblin moves out of view.
Robin of the Strong Arm comes into view.
She is wielding a dagger of venom.
A goblin and 2 hobgoblins come into view.
The hobgoblin shouts!
The hobgoblin moves out of view. 2 goblins come into view.
The goblin shouts! x2
The goblin moves out of view.
Robin roars a battlecry!
The goblins go into a battle-frenzy!
A goblin comes into view. It is wielding a club.
The goblin shouts!
A hobgoblin comes into view. It is wielding a club.
You closely miss the goblin. The goblin closely misses you.
Robin throws the goblin at you!
You slash the goblin!
You kill the goblin!
Trog accepts your kill.
You miss the goblin. You hit the hobgoblin. The hobgoblin hits you with a club!
The goblin closely misses you. The hobgoblin hits you with a club.
* * * LOW HITPOINT WARNING * * *
The goblin hits you with a club.
* * * LOW HITPOINT WARNING * * *
The hobgoblin barely misses you. The goblin closely misses you.
Robin roars a battlecry!
The goblin goes into a battle-frenzy!
The goblin hits you with a club.
* * * LOW HITPOINT WARNING * * *
Robin throws the goblin at you! The goblin hits you with a club.
You die...

.. .#######
.......###
#........#
#####.........
#.............
#.g.g.......
...#####.g@<(..###
..$ggg.g.g.....>...
...#...g)##########
#....## ##...#
#...# #...# #...#
#####


You could see Robin, 4 hobgoblins and 4 goblins.

Vanquished Creatures
  A worm (D:2)
  A leopard gecko (D:1)
  7 goblins
  4 hobgoblins (D:1)
  2 jackals (D:2)
  4 rats (D:1)
19 creatures vanquished.

Vanquished Creatures (others)
  A jackal (D:2)
1 creature vanquished.

Grand Total: 20 creatures vanquished

Notes
Turn   | Place    | Note
-------+----------+-------------------------------------------
     0 | D:1      | dstrtnsr the Hill Orc Berserker began the quest for the Orb.
     0 | D:1      | Reached XP level 1. HP: 19/19 MP: 1/1
   169 | D:1      | Reached XP level 2. HP: 24/27 MP: 2/2
   450 | D:2      | Reached skill level 5 in Axes
   457 | D:2      | Reached XP level 3. HP: 33/33 MP: 3/3
   461 | D:2      | Noticed Robin
   464 | D:2      | HP: 9/33 [hobgoblin/club[Robin] (6)]
   465 | D:2      | HP: 4/33 [goblin/club[Robin] (5)]
   467 | D:2      | Slain by a goblin

Vault maps used:
D:1:      dpeg_arrival_morbid_curiosity, palyth_stone_intersect,
          serial_park_tiny_pond, hex_intersection, minmay_ruptured
D:2:      marbit_many_paths, lemuel_coloured_pillars_altar, uniq_robin

Skill      XL: |  1  2 |
---------------+-------+-----
Fighting       | 4 |  4.1
Axes           | 5 |  5.1
Armour         | |  2.1
Dodging        | |  1.5

Action                   || total
-------------------------++-------
Melee: Hand axe          ||    54
Invok: Berserk           ||     1
Armor: Animal skin       ||     6
Dodge: Dodged            ||    42

Table legend:
 A = Spawn XP
 B = Non-spawn XP
 C = Spawn XP percentage of total XP
 D = Spawn monster count
 E = Non-spawn monster count
 F = Spawn count percentage of total count
 G = Total turns spent on level
                    A         B        C        D         E        F      G
               +---------+---------+-------+---------+---------+-------+---------
         Total |       0 |      39 |   0.0 |       0 |      20 |   0.0 |   467
               +---------+---------+-------+---------+---------+-------+---------
           D:1 |       0 |      23 |   0.0 |       0 |      13 |   0.0 |   446
           D:2 |       0 |      16 |   0.0 |       0 |       7 |   0.0 |    21
               +---------+---------+-------+---------+---------+-------+---------
